 Dungeon Crawl Stone Soup version 0.31-a0-692-gf03d1854d5 (webtiles) character file.

Game seed: 2327069502009863481

1130 Essalna the Conjurer (level 8, -1/57 HPs)
             Began as a Demonspawn Conjurer on Sept 7, 2023.
             Was a Follower of Vehumet.
             Slain by an orc warrior
             ... wielding a +0 hand axe
              (9 damage)
             ... on level 6 of the Dungeon.
             The game lasted 00:08:37 (4400 turns).

Essalna the Conjurer (Demonspawn Conjurer)          Turns: 4400, Time: 00:08:38

Health: -1/57      AC:  6    Str: 14    XL:     8   Next: 13%
Magic:  16/16      EV: 12    Int: 21    God:    Vehumet [*.....]
Gold:   289        SH:  0    Dex: 12    Spells: 14/17 levels left

rFire   . . .        i - staff of conjuration
rCold   . . .        (no shield)
rNeg    . . .        v - +0 troll leather armour {Pargi}
rPois   .            d - +2 helmet
rElec   .            (no cloak)
rCorr   .            (no gloves)
SInv    .            (no boots)
Will    +....        e - amulet of magic regeneration
Stlth   ++           h - +6 ring of strength
HPRegen 1.09/turn    s - ring of willpower
MPRegen 0.55/turn

%: no passive effects
@: no status effects
A: claws 1, powered by pain 1
a: Renounce Religion


You were on level 6 of the Dungeon.
You worshipped Vehumet.
Vehumet was aware of your devotion.
You visited 1 branch of the dungeon, and saw 6 of its levels.
You also visited: Sewer.

You collected 289 gold pieces.

Inventory:

Armour
 a - a +0 robe
 d - a +2 helmet (worn)
 v - a +0 troll leather armour (worn) {Pargi}
Magical Staves
 i - a staff of conjuration (weapon)
Jewellery
 e - an amulet of magic regeneration (around neck)
 h - a +6 ring of strength (left claw)
 q - a +4 ring of slaying
 s - a ring of willpower (right claw)
Wands
 r - a wand of digging (9)
 y - a wand of quicksilver (4)
 A - a wand of charming (8)
Scrolls
 c - a scroll of fog {unknown}
 f - 4 scrolls of teleportation {unknown}
 g - 3 scrolls of noise {unknown}
 j - 2 scrolls of amnesia {unknown}
 m - a scroll of fear {unknown}
 p - 2 scrolls of identify {unknown}
 t - a scroll of immolation {unknown}
Potions
 b - 3 potions of magic
 k - 2 potions of enlightenment {unknown}
 l - a potion of mutation {unknown}
 n - a potion of heal wounds {unknown}
 o - 2 potions of degeneration {unknown}
 u - a potion of haste
 w - 3 potions of curing {unknown}
 x - a potion of brilliance {unknown}
 z - 2 potions of ambrosia {unknown}


   Skills:
 + Level 2.5 Fighting
 + Level 2.2 Armour
 + Level 3.0 Dodging
 - Level 1.7 Stealth
 - Level 5.3 Spellcasting
 + Level 7.4 Conjurations


You had 14 spell levels left.
You knew the following spells:

 Your Spells              Type           Power      Damage    Failure   Level
a - Magic Dart            Conj           100%       1d8       1%          1
b - Searing Ray           Conj           100%       2d8       1%          2

Your spell library contained the following spells:

 Spells                   Type           Power      Damage    Failure   Level
 Freeze                   Ice            20%        1d4       13%         1
 Momentum Strike          Conj/Tloc      62%        3d9       4%          2
 Dazzling Flash           Conj/Hex       62%        N/A       9%          3
 Mephitic Cloud           Conj/Pois/Air  23%        N/A       14%         3
 Blink                    Tloc           10%        N/A       19%         2
 Call Imp                 Summ           10%        N/A       19%         2
 Lesser Beckoning         Tloc           10%        N/A       19%         2
 Flame Wave               Conj/Fire      31%        2d9       28%         4
 Fulminant Prism          Conj/Hex       15%        3d10      28%         4
 Iskenderun's Mystic Bla  Conj/Tloc      31%        2d8       28%         4
 Sticky Flame             Conj/Fire      31%        2d5       28%         4
 Inner Flame              Hex/Fire       5%         N/A       36%         3
 Manifold Assault         Tloc           5%         N/A       77%         4


Dungeon Overview and Level Annotations

Branches:
Dungeon (6/15)             Temple (0/1) D:5           Sewer (visited)

Altars:
Kikubaaqudgha
Makhleb
Ru
Vehumet

Shops:
D:5 *


Innate Abilities, Weirdness & Mutations

You have sharp fingernails.
You sometimes gain a little power by taking damage.


Message History

The adder barely misses you. The orc warrior barely misses you.
The adder bites you but does no damage. The adder completely misses you.
The orc priest casts a cantrip, but nothing happens.
The orc warrior hits you with a +0 hand axe!
The adder bites you but does no damage.
The orc priest miscasts a cantrip.
The orc warrior closely misses you. The adder bites you but does no damage.
The orc warrior hits you with a +0 hand axe.
The adder bites you. The adder closely misses you.
The orc warrior hits you but does no damage.
The adder barely misses you. The orc warrior misses you.
The adder bites you but does no damage.
The orc warrior hits you with a +0 hand axe.
The adder closely misses you.
The orc warrior hits you with a +0 hand axe.
The adder misses you. The adder bites you. The orc warrior closely misses you.
The adder barely misses you.
The orc warrior hits you with a +0 hand axe!
The adder bites you but does no damage.
The orc priest calls down the wrath of Beogh upon you.
Beogh smites you!
The orc warrior hits you with a +0 hand axe.
* * * LOW HITPOINT WARNING * * *
The adder bites you but does no damage. The adder barely misses you.
The orc priest mumbles some strange prayers to Beogh against you.
Beogh smites you!
* * * LOW HITPOINT WARNING * * *
The orc warrior hits you with a +0 hand axe.
* * * LOW HITPOINT WARNING * * *
The adder misses you. The orc warrior barely misses you.
The adder closely misses you.
The orc warrior hits you but does no damage.
The adder barely misses you. The adder bites you but does no damage.
The orc warrior hits you with a +0 hand axe!
You die...

#.# #.# #.# #.##
#.# #...
#.##########..#
#.............#
#..#########.#.
#..# #.#.
...#######..#
#.#§
..ooooo@S...#
###≈
...#######.<# #≈
#..# ###### #≈
......$.....###≈
###..### #..<#§
#..# ##..#§ #..#
##..# ...# ####
#...


You could see an orc warrior, an orc priest, an adder and 3 orcs.

Vanquished Creatures
  Grinder (D:3)
  Pargi (Sewer)
  2 ogres
  A phantom (D:5)
  2 scorpions
  2 howler monkeys
  A hound (D:5)
  A jelly (D:4)
  2 orc priests (D:5)
  2 iguanas (D:4)
  An orc wizard (D:5)
  3 gnolls (D:4)
  6 adders
  A shadow imp (D:6)
  4 worms
  3 dart slugs
  3 orcs
  4 ball pythons
  16 bats
  4 endoplasms
  4 giant cockroaches
  9 goblins
  5 hobgoblins
  6 jackals
  4 quokkas
  10 frilled lizards
  6 kobolds
  4 rats
108 creatures vanquished.

Notes
Turn   | Place    | Note
-------+----------+-------------------------------------------
     0 | D:1      | Essalna the Demonspawn Conjurer began the quest for the
                  | Orb.
     0 | D:1      | Reached XP level 1. HP: 13/13 MP: 3/3
   337 | D:1      | Gained mutation: You sometimes gain a little power by
                  | taking damage. [demonic ancestry]
   337 | D:1      | Reached XP level 2. HP: 19/19 MP: 3/5
   607 | D:1      | Reached XP level 3. HP: 24/24 MP: 2/7
   644 | D:1      | Learned a level 2 spell: Searing Ray
  1251 | D:2      | Reached XP level 4. HP: 30/30 MP: 6/8
  1552 | D:2      | Reached skill level 5 in Conjurations
  1867 | D:3      | Found an ancient bone altar of Kikubaaqudgha.
  1957 | D:3      | Noticed Grinder
  1966 | D:3      | Killed Grinder
  1967 | D:3      | Reached skill level 6 in Conjurations
  1967 | D:3      | Reached XP level 5. HP: 35/35 MP: 1/11
  1967 | D:3      | Reached XP level 6. HP: 41/41 MP: 1/12
  2473 | D:4      | Found a radiant altar of Vehumet.
  2499 | D:4      | Became a worshipper of Vehumet
  2705 | D:4      | Found a glowing drain.
  2741 | Sewer    | Entered a sewer
  2882 | Sewer    | Noticed Pargi
  2890 | Sewer    | Killed Pargi
  2891 | Sewer    | Reached skill level 5 in Spellcasting
  2891 | Sewer    | Reached XP level 7. HP: 36/46 MP: 7/14
  3132 | D:4      | Reached * piety under Vehumet
  3132 | D:4      | Offered knowledge of Freeze by Vehumet.
  3387 | D:4      | Found a sacrificial altar of Ru.
  3487 | D:4      | Reached skill level 1 in Fighting
  3487 | D:4      | Reached skill level 1 in Armour
  3487 | D:4      | Reached skill level 7 in Conjurations
  3616 | D:5      | Entered Level 5 of the Dungeon
  3670 | D:5      | Found Syffeli's General Store.
  3708 | D:5      | Gained mutation: You have sharp fingernails. [demonic
                  | ancestry]
  3708 | D:5      | Reached XP level 8. HP: 27/56 MP: 16/16
  3757 | D:5      | Found Soqal's Assorted Antiques.
  4107 | D:5      | Found a staircase to the Ecumenical Temple.
  4238 | D:6      | Found a burning altar of Makhleb.
  4400 | D:6      | Slain by an orc warrior

Illustrated notes

Levels and vault maps discovered:
D:1:      dpeg_arrival_line_fractal, layout_basic, minmay_pentomino_o4
D:2:      layout_basic
D:3:      layout_loops_ring, nicolae_overflow_crystal_walls, uniq_grinder
D:4:      layout_basic, nicolae_ru_awakened_eye,
          chequers_temple_overflow_statue_of_worship,
          cheibrodos_sewer_entry_sluice, minmay_lizard_king
D:5:      layout_loops_ring, minmay_temple_entry_drinking_statues, serial_shops,
          shop, nicolae_shop_advertising_works [nicolae_subvault_shop_adworks],
          nicolae_shop_tiny_real_fake_doors, nicolae_shop_rolling_square,
          hangedman_decor_opposing, kennysheep_generic_room_3
D:6:      layout_loops_ring, lemuel_doored_altar, mainiacjoe_overflow_paths,
          nicolae_twisty_statue_hallways

Skill      XL: |  1  2  3  4  5  6  7  8 |
---------------+-------------------------+-----
Spellcasting   | 3 4 5 |  5.3
Conjurations   | 6 7 |  7.4
Dodging        | 2 3 |  3.0
Fighting       | 2 |  2.5
Armour         | 2 |  2.2
Stealth        | |  1.7

Action                     |  1- 3 |  4- 6 |  7- 9 || total
---------------------------+-------+-------+-------++-------
  Melee: Unarmed           |    13 |       |       ||    13
         Staff             |       |       |    40 ||    40
         Punch             |       |       |     1 ||     1
   Cast: Magic Dart        |    86 |    96 |    37 ||   219
         Searing Ray       |       |     6 |     4 ||    10
 Armour: Robe              |    18 |    24 |       ||    42
         Troll leather arm |       |       |   340 ||   340
  Dodge: Dodged            |    18 |    18 |   345 ||   381

Table legend: (Time is in decaauts)
 A = Elapsed time spent in this place.
 B = Non-inter-level travel time spent in this place.
 C = Inter-level travel time spent in this place.
 D = Time resting spent in this place.
 E = Time spent auto-exploring this place.
 F = Levels seen in this place.
 G = Mean time per level.
                   A        B        C        D        E       F      G
               +--------+--------+--------+--------+--------+-----+--------+
         Total |   4406 |   4283 |    123 |      0 |   3154 |   7 |  629.4 |
       Dungeon |   4177 |   4054 |    123 |      0 |   2975 |   6 |  696.2 |
         Sewer |    228 |    228 |      0 |      0 |    179 |   1 |  228.0 |
               +--------+--------+--------+--------+--------+-----+--------+

Top non-repeatable levels by time:
     D:4: 999 daAuts
     D:2: 819 daAuts
     D:1: 809 daAuts
     D:3: 757 daAuts
     D:5: 625 daAuts
   Sewer: 228 daAuts
     D:6: 166 daAuts
